 Dungeon Crawl Stone Soup version 0.29-a0-542-g075992c915 (webtiles) character file.

Game seed: 7946300604856902867

20377 Essalna the Nimble (level 12, -7/127 (128) HPs)
             Began as a Pale Draconian Transmuter on June 3, 2022.
             Was an Elder of Makhleb.
             Mangled by Luiriw's ghost (28 damage)
             ... on level 3 of the Lair of Beasts.
             The game lasted 00:27:25 (15209 turns).

Essalna the Nimble (Pale Draconian Transmuter)     Turns: 15209, Time: 00:27:25

HP:   -7/127 (128)  AC: 11    Str: 12    XL:     12   Next: 44%
MP:   13/16         EV: 14    Int: 26    God:    Makhleb [****..]
Gold: 816           SH:  0    Dex: 11    Spells: 8/16 levels left

rFire   x . .      SeeInvis .     - Unarmed
rCold   + + +      Faith    .   (shield currently unavailable)
rNeg    . . .      Spirit   .   (body armour unavailable)
rPois   +          Reflect  .   (helmet currently unavailable)
rElec   .          Harm     .   (cloak currently unavailable)
rCorr   .          Rampage  .   (gloves currently unavailable)
Will    .....                   (boots currently unavailable)
Stlth   +.........              (no amulet)
HPRegen 0.31/turn               F - +6 ring of intelligence
MPRegen 0.15/turn               u - ring of poison resistance

@: ice-form, studying Dodging, lightly drained, invisible
A: freezing attack, amphibious, boosted hp, (breathe steam), AC +8, large,
unfitting armour, (cold-blooded), (steam resistance)
a: End Transformation, Renounce Religion, Minor Destruction, Lesser Servant of
Makhleb, Major Destruction


You were on level 3 of the Lair of Beasts.
You worshipped Makhleb.
Makhleb was greatly pleased with you.
You were a creature of crystalline ice.
You visited 2 branches of the dungeon, and saw 13 of its levels.

You collected 816 gold pieces.

Inventory:

Hand Weapons
 D - a +0 dagger
Missiles
 E - a throwing net
Armour
 l - a +1 hat (melded)
Jewellery
 f - a ring of magical power
 i - a ring of see invisible
 u - a ring of poison resistance (right front paw)
 C - an amulet of guardian spirit
 F - a +6 ring of intelligence (left front paw)
 I - a ring of ice
 L - a ring of flight
Wands
 o - a wand of polymorph (15)
 q - a wand of charming (19)
 s - a wand of digging (9)
 w - a wand of acid (25)
 z - a wand of flame (16)
 K - a wand of iceblast (4)
Scrolls
 h - a scroll of enchant weapon {unknown}
 j - 5 scrolls of magic mapping
 m - 3 scrolls of teleportation
 n - 12 scrolls of identify
 p - 3 scrolls of poison {unknown}
 r - a scroll of blinking {unknown}
 t - 3 scrolls of vulnerability {unknown}
 v - 3 scrolls of noise {unknown}
 x - a scroll of summoning {unknown}
 y - a scroll of brand weapon {unknown}
 A - a scroll of enchant armour {unknown}
 M - a scroll of fear {unknown}
Potions
 a - 3 potions of lignification
 b - 3 potions of degeneration {unknown}
 c - 4 potions of mutation
 d - 4 potions of heal wounds
 e - 2 potions of brilliance
 g - 2 potions of resistance
 k - 6 potions of curing
 B - a potion of berserk rage {unknown}
 G - a potion of magic {unknown}
 H - 4 potions of haste {unknown}
 J - 2 potions of attraction {unknown}
 N - a potion of flight {unknown}


   Skills:
 + Level 10.3 Fighting
 + Level 11.8 Dodging
 + Level 10.0 Unarmed Combat
 + Level 2.9 Spellcasting
 + Level 9.7 Transmutations
 + Level 9.1 Ice Magic


You had 8 spell levels left.
You knew the following spells:

 Your Spells              Type           Power      Damage    Failure   Level
a - Beastly Appendage     Tmut           100%       N/A       1%          1
b - Spider Form           Tmut/Pois      29%        N/A       3%          3
c - Ice Form              Ice/Tmut       52%        N/A       1%          4

Your spell library contained the following spells:

 Spells                   Type           Power      Damage    Failure   Level
 Passwall                 Tmut/Erth      24%        N/A       1%          2
 Wereblood                Tmut           53%        N/A       1%          2
 Ensorcelled Hibernation  Hex/Ice        54%        N/A       2%          2
 Sandblast                Erth           6%         2d5       10%         1
 Petrify                  Tmut/Erth      29%        N/A       13%         4
 Static Discharge         Conj/Air       3%         N/A       14%         2
 Sublimation of Blood     Necr           3%         N/A       14%         2
 Confusing Touch          Hex            3%         N/A       28%         3
 Stone Arrow              Conj/Erth      6%         3d7       28%         3
 Irradiate                Conj/Tmut      14%        3d18      34%         5
 Yara's Violent Unravell  Hex/Tmut       14%        3d7       34%         5
 Anguish                  Hex/Necr       1%         N/A       67%         4
 Animate Dead             Necr           3%         N/A       67%         4
 Dispel Undead            Necr           3%         3d7       67%         4
 Sticky Flame             Conj/Fire      3%         2d3       67%         4
 Borgnjor's Vile Clutch   Necr/Erth      1%         N/A       95%         5
 Death Channel            Necr           1%         N/A       100%        6
 Enfeeble                 Hex            1%         N/A       100%        7


Dungeon Overview and Level Annotations

Branches:
Dungeon (10/15)            Temple (0/1) D:5            Lair (3/6) D:10
  Swamp (0/4) Lair:2       Spider (0/4) Lair:2
    Orc: D:9-12

Altars:
Cheibriados
Fedhas
Makhleb
Okawaru
Ru
Xom
Yredelemnul
The Shining One

Shops:
D:8 (

Annotations:
D:6 Duvessa
D:7 exclusion: ice statue
Lair:3 Luiriw's ghost, journeyman TrMo


Innate Abilities, Weirdness & Mutations

You are a creature of crystalline ice.
You have a powerful freezing melee attack.
You are amphibious.
Your maximum health is increased.
Your armour is entirely melded.
You are incapable of wielding weapons or throwing items.
((You can breathe blasts of scalding, opaque steam.))
((Your pale cyan-grey scales are hard. (AC +8)))
You cannot fit into any form of body armour.
((You are cold-blooded and may be slowed by cold attacks.))
((You are immune to the effects of steam.))


Message History

Casting: Ice Form (mildly dangerous; 1% risk of failure)
Confirm with . or Enter, or press ? or * to list all spells.
You turn into a creature of crystalline ice.
Your +1 hat melds into your body.
The +1 long sword of chaos hits you.
The +1 long sword of chaos hits you but does no damage.
You pummel the +1 long sword of chaos!!
The +1 long sword of chaos is severely damaged.
The +1 long sword of chaos hits you!
You fade into invisibility!
Luiriw's ghost barely misses you.
You punch the +1 long sword of chaos!
The +1 long sword of chaos falls from the air.
Makhleb accepts your kill.
You see here a +1 long sword of chaos.
You punch Luiriw's ghost! You freeze Luiriw's ghost.
Luiriw's ghost is lightly damaged.
Luiriw's ghost barely misses you.
You barely miss Luiriw's ghost.
Luiriw's ghost is lightly damaged.
Luiriw's ghost wails, "You will join me soon!"
Luiriw's ghost misses you.
You closely miss Luiriw's ghost.
Luiriw's ghost is lightly damaged.
Luiriw's ghost hits you but does no damage.
You pummel Luiriw's ghost!!
Luiriw's ghost is moderately damaged.
Luiriw's ghost hits you!!
You closely miss Luiriw's ghost.
Luiriw's ghost is moderately damaged.
You punch Luiriw's ghost! You freeze Luiriw's ghost.
Luiriw's ghost is heavily damaged.
Luiriw's ghost hits you!
You hit Luiriw's ghost.
Luiriw's ghost is heavily damaged.
Luiriw's ghost hits you!!
* * * LOW HITPOINT WARNING * * *
You punch Luiriw's ghost!
Luiriw's ghost is heavily damaged.
Luiriw's ghost hits you!!
You die...

#........................
##.......##..............
##....####..............
#.....# ##.####.......#
#.....# #.###.........
#.....# #.............
#....#####...).........
##....##W##P............
#......Y#.P............#
#......................#
#....P......#..........#
#............##.#.##.P...
#.......##'##..#########..
##......#$_.#...# #..
#......##.##..## #..
##......###...# #.. ...
...### #..


You could see Luiriw's ghost.

Vanquished Creatures
  A two-headed ogre (D:5)
  A dancing weapon (Lair:3)
  2 bog bodies (Lair:2)
  Pikel (D:8)
  5 cane toads
  9 komodo dragons
  An unseen horror (D:10)
  A polar bear (Lair:3)
  8 blink frogs
  A shadow (D:8)
  A spriggan (Lair:3)
  2 wyverns
  2 basilisks (Lair:1)
  33 yaks
  The ghost of Sat the Grave Robber, an amateur DsNe of Cheibriados (D:3)
  3 swamp worms (Lair:2)
  An acid dragon (D:9)
  12 water moccasins
  3 sky beasts
  2 orc warriors
  An ice beast (D:6)
  6 black bears
  2 ogres
  8 wolves
  3 centaurs
  2 phantoms
  Blork the orc (D:6)
  9 bullfrogs
  2 kobold brigands
  A gnoll sergeant (D:5)
  A necrophage (D:4)
  7 scorpions
  3 wights (D:8)
  Dowan (D:6)
  4 howler monkeys
  An electric eel (Lair:2)
  A hound (D:4)
  4 orc priests
  3 iguanas
  A jelly (D:7)
  4 orc wizards
  Natasha (thrice) (D:3)
  2 gnolls (D:6)
  6 adders
  3 river rats (D:6)
  3 shadow imps (D:5)
  A white imp (D:5)
  2 ufetubi
  4 dart slugs
  17 orcs
  5 bats
  10 endoplasms
  3 giant cockroaches
  7 goblins
  9 hobgoblins
  2 quokkas
  9 ball pythons
  A ball python zombie (D:3)
  6 frilled lizards
  13 kobolds
  A quokka zombie (D:3)
  6 rats
268 creatures vanquished.

Vanquished Creatures (others)
  16 fungi (D:10)
  86 plants
102 creatures vanquished.

Grand Total: 370 creatures vanquished

Notes
Turn   | Place    | Note
-------+----------+-------------------------------------------
     0 | D:1      | Essalna the Draconian Transmuter began the quest for the
                  | Orb.
     0 | D:1      | Reached XP level 1. HP: 16/16 MP: 3/3
   276 | D:1      | Reached skill level 2 in Dodging
   276 | D:1      | Reached XP level 2. HP: 23/23 MP: 3/5
  1116 | D:1      | Found a faded altar of an unknown god.
  1543 | D:2      | Reached XP level 3. HP: 26/29 MP: 6/6
  1547 | D:2      | Learned a level 3 spell: Spider Form
  2600 | D:3      | Noticed Natasha
  2608 | D:3      | Killed Natasha
  2851 | D:3      | Reached XP level 4. HP: 37/37 MP: 7/7
  2881 | D:3      | Found a sacrificial altar of Ru.
  3021 | D:3      | Noticed Natasha
  3029 | D:3      | Killed Natasha
  3030 | D:3      | Reached XP level 5. HP: 42/42 MP: 8/8
  3048 | D:3      | Learned a level 4 spell: Ice Form
  3532 | D:3      | Found a snail-covered altar of Cheibriados.
  3691 | D:3      | Found a runed translucent gate.
  3691 | D:3      | Found a runed translucent gate.
  3691 | D:3      | Found a runed translucent gate.
  3691 | D:3      | Noticed Sat's ghost (amateur DsNe)
  3693 | D:3      | Found a basalt altar of Yredelemnul.
  3803 | D:3      | Noticed Natasha
  3811 | D:3      | Killed Natasha
  3812 | D:3      | Reached skill level 3 in Dodging
  3946 | D:3      | Killed Sat's ghost
  3947 | D:3      | Reached skill level 1 in Ice Magic
  3947 | D:3      | Reached XP level 6. HP: 51/51 MP: 9/9
  4495 | D:4      | Your scales start taking on a pale cyan-grey colour.
  4495 | D:4      | Reached XP level 7. HP: 58/58 MP: 10/10
  4495 | D:4      | Gained mutation: You are immune to the effects of steam.
                  | [Pale Draconian growth]
  4714 | D:4      | Found a burning altar of Makhleb.
  4714 | D:4      | Noticed a green death
  4717 | D:4      | Noticed a neqoxec
  4717 | D:4      | Noticed a smoke demon
  4719 | D:4      | Became a worshipper of Makhleb the Destroyer
  4786 | D:5      | Entered Level 5 of the Dungeon
  5084 | D:5      | Noticed a two-headed ogre
  5089 | D:5      | Reached skill level 4 in Dodging
  5089 | D:5      | Reached skill level 5 in Unarmed Combat
  5191 | D:5      | Killed a two-headed ogre
  5192 | D:5      | Reached skill level 5 in Fighting
  5192 | D:5      | Reached skill level 5 in Dodging
  5192 | D:5      | Reached skill level 5 in Transmutations
  5192 | D:5      | Reached XP level 8. HP: 68/68 MP: 11/11
  5217 | D:5      | Found a staircase to the Ecumenical Temple.
  5315 | D:5      | Found a transporter.
  5357 | D:5      | Reached skill level 6 in Dodging
  5546 | D:5      | Found a transporter.
  5586 | D:5      | Found a glowing golden altar of the Shining One.
  6045 | D:6      | Reached XP level 9. HP: 66/75 MP: 12/12
  6410 | D:6      | Reached * piety under Makhleb
  6456 | D:6      | Noticed Dowan
  6460 | D:6      | Noticed Duvessa
  6572 | D:6      | Killed Dowan
  6689 | D:6      | Noticed Blork the orc
  6692 | D:6      | Killed Blork the orc
  6759 | D:6      | Reached skill level 5 in Ice Magic
  6937 | D:6      | Found an iron altar of Okawaru.
  7293 | D:7      | Reached skill level 7 in Dodging
  7609 | D:7      | Noticed an ice statue
  8064 | D:8      | Found Ryeshimy's Weapon Emporium.
  8464 | D:8      | Reached XP level 10. HP: 82/86 MP: 13/13
  8471 | D:8      | Reached skill level 8 in Dodging
  8488 | D:8      | Reached ** piety under Makhleb
  8642 | D:8      | Noticed Pikel
  8655 | D:8      | Killed Pikel
  9405 | D:9      | Reached skill level 9 in Dodging
  9743 | D:9      | Found a blossoming altar of Fedhas.
  9850 | D:9      | Reached XP level 11. HP: 87/95 MP: 9/14
 10135 | D:10     | Entered Level 10 of the Dungeon
 10445 | D:10     | Reached *** piety under Makhleb
 10488 | D:10     | Found a staircase to the Lair.
 10537 | D:10     | Noticed a two-headed ogre
 10538 | Lair:1   | Entered Level 1 of the Lair of Beasts
 10550 | Lair:1   | Reached skill level 10 in Dodging
 10562 | Lair:1   | You fall into a shaft and drop 1 floor!
 12197 | Lair:1   | Reached skill level 11 in Dodging
 12752 | Lair:2   | Noticed a bog body
 12752 | Lair:2   | Noticed a bog body
 12759 | Lair:2   | Killed a bog body
 12765 | Lair:2   | Killed a bog body
 12766 | Lair:2   | Reached XP level 12. HP: 66/106 MP: 11/15
 13318 | Lair:2   | Reached skill level 10 in Fighting
 13593 | Lair:2   | Found a hole to the Spider Nest.
 13744 | Lair:2   | Found a staircase to the Swamp.
 14014 | Lair:3   | Reached **** piety under Makhleb
 14846 | Lair:3   | Reached skill level 10 in Unarmed Combat
 15172 | Lair:3   | Found a runed translucent door.
 15173 | Lair:3   | Found a shimmering altar of Xom.
 15173 | Lair:3   | Noticed Luiriw's ghost (journeyman TrMo)
 15209 | Lair:3   | Mangled by Luiriw's ghost

Illustrated notes

Levels and vault maps discovered:
D:1:      lightli_arrival_chessboard, layout_basic,
          dreamdust_ecumenical_altar_statues
D:2:      layout_basic, chequers_serial_rivers_large_b
D:3:      layout_loops_ring, nicolae_yredelemnul_ghost_church,
          nicolae_ru_great_annihilating_truth, lemuel_coloured_pillars_altar,
          grunt_ministairs_12, uniq_natasha
D:4:      layout_basic, makhleb_altar_promises_db
D:5:      gammafunk_wand_slinger, layout_cave_pools,
          nicolae_tso_carved_into_rock, temple_hall, minmay_manual_monstrance
D:6:      wad_woods_tower, layout_basic, mainiacjoe_overflow_cross_hatched,
          minivault_10, uniq_duvessa, uniq_blork_the_orc
D:7:      lemuel_ice_statue, layout_loops_ring
D:8:      layout_loops_corners, serial_shops, kennysheep_little_box, uniq_pikel
D:9:      layout_basic, fedhas_bush_and_centaur_altar
D:10:     layout_irregular_city, led_sif_book, due_lair_maze_entry_diamond,
          grunt_decor_mini_mirrors, uniq_psyche
Lair:1:   layout_chaotic_city, nicolae_lair_lil_pond,
          infiniplex_staircase_pool_2, grunt_megastairs_4, serial_bayou_shore_a
Lair:2:   layout_long_grid, nicolae_swamp_entry_splash_gauntlet,
          dummy_spider_entry, beast_lair_carwin_3
Lair:3:   layout_gridlike, ebering_ghost_xom, forest_entry_grove

Skill      XL: |  1  2  3  4  5  6  7  8  9 10 11 12 |
---------------+-------------------------------------+-----
Dodging        | 2 3 5 6 7 9 11 | 11.8
Fighting       | 2 3 5 7 8 9 10 | 10.3
Transmutations | 3 5 6 7 9 |  9.7
Unarmed Combat | 4 5 6 7 8 9 10 | 10.0
Ice Magic      | 1 2 4 5 7 8 9 |  9.1
Spellcasting   | |  2.9

Action                   |  1- 3 |  4- 6 |  7- 9 | 10-12 || total
-------------------------+-------+-------+-------+-------++-------
Melee: Unarmed           |   104 |   133 |   144 |   387 ||   768
       Kick              |    19 |    41 |     3 |       ||    63
       Tailslap          |     9 |     8 |    12 |     6 ||    35
       Headbutt          |     6 |    15 |     1 |       ||    22
       Punch             |       |     7 |     4 |     1 ||    12
 Cast: Beastly Appendage |    35 |    24 |     3 |       ||    62
       Ice Form          |       |     1 |     9 |    31 ||    41
 Abil: Breathe Steam     |       |       |    42 |    29 ||    71
  Use: Scroll            |       |     7 |       |       ||     7
       Potion            |       |     1 |       |       ||     1
 Stab: Sleeping          |     1 |     1 |       |       ||     2
       Paralysed         |       |     1 |       |       ||     1
Armor: Skin              |    32 |    29 |    38 |   103 ||   202
Dodge: Dodged            |    63 |    68 |    80 |   195 ||   406

Table legend: (Time is in decaauts)
 A = Elapsed time spent in this place.
 B = Non-inter-level travel time spent in this place.
 C = Inter-level travel time spent in this place.
 D = Time resting spent in this place.
 E = Time spent auto-exploring this place.
 F = Levels seen in this place.
 G = Mean time per level.
                   A        B        C        D        E       F      G
               +--------+--------+--------+--------+--------+-----+--------+
         Total |  15179 |  14672 |    507 |    105 |  12555 |  13 | 1167.6 |
       Dungeon |  10548 |  10104 |    444 |    105 |   8456 |  10 | 1054.8 |
          Lair |   4631 |   4568 |     63 |      0 |   4099 |   3 | 1543.7 |
               +--------+--------+--------+--------+--------+-----+--------+

Top non-repeatable levels by time:
  Lair:2: 1844 daAuts
     D:3: 1584 daAuts
     D:1: 1508 daAuts
  Lair:1: 1477 daAuts
     D:5: 1353 daAuts
  Lair:3: 1309 daAuts
     D:9: 1276 daAuts
     D:6: 1100 daAuts
     D:8: 1027 daAuts
     D:2: 968 daAuts
     D:7: 802 daAuts
     D:4: 771 daAuts
    D:10: 155 daAuts
